Map: Acid Plant LE

Players

teefol

  • Race: Terran Terran
  • League: Diamond
  • Spawn Location: 11:00

icefour - Winner!

  • Race: Zerg Zerg
  • League: Diamond
  • Spawn Location: 5:00

VOD

Have the link to the VOD?

Description

Time

  • Played on: March 31, 2018, 7:15 a.m.
  • Length: 18:50
Show
View Real Time Build Order
Export as new Build Order

teefol Terran 

Build Orders: Reaper Expand, MMM Bio 

Get SALT Encoding   

  12  0:01  SCV  
  13  0:14  SCV  
  14  0:17  Supply Depot  
  14  0:26  SCV  
  15  0:39  SCV  
  15  0:40  Barracks  
  16  0:44  Refinery  
  16  0:51  SCV  
  17  1:03  SCV  
  18  1:15  SCV  
  19  1:28  Orbital Command  
  19  1:29  Reaper  
  20  1:41  Command Center  
  20  1:51  Barracks  
  20  1:56  SCV  
  21  2:03  Barracks Reactor  
  21  2:08  SCV  
  22  2:11  Supply Depot  
  22  2:20  SCV  
  23  2:23  Factory  
  23  2:32  SCV  
  24  2:42  Marine x2  
  24  2:43  Refinery  
  26  2:44  Barracks Tech Lab, SCV  
  27  2:53  Orbital Command  
  27  2:57  SCV  
  28  3:04  Marine x3  
  31  3:09  SCV  
  31  3:11  Stimpack  
  32  3:21  SCV  
  33  3:30  SCV  
  34  3:36  Marine x3  
  37  3:42  Starport, Factory Reactor  
  37  3:52  Supply Depot  
  37  3:53  SCV x2  
  37  3:54  Marine x3  
  41  4:05  SCV x2  
  43  4:17  SCV x2  
  43  4:18  Marine  
  43  4:19  Marine x2  
  43  4:21  Supply Depot  
  48  4:27  Medivac  
  48  4:29  SCV  
  48  4:30  SCV  
  52  4:33  Medivac  
  52  4:38  Factory Tech Lab  
  54  4:43  SCV x2  
  54  4:44  Supply Depot  
  56  4:49  Supply Depot  
  56  4:51  Marine x2  
  56  4:52  Marine  
  59  4:59  Siege Tank  
  62  5:06  SCV x2  
  64  5:13  Command Center  
  64  5:21  SCV x2  
  64  5:25  Combat Shields  
  64  5:26  Engineering Bay x2  
  66  5:30  Refinery x2  
  66  5:33  SCV x2  
  68  5:38  Marine x3  
  68  5:41  Siege Tank  
  64  6:04  Marine x3  
  64  6:10  Terran Infantry Weapons Level 1  
  64  6:11  Terran Infantry Armor Level 1, Barracks  
  65  6:14  Barracks  
  65  6:16  Barracks  
  64  6:32  Marine x3  
  67  6:36  Armory  
  67  6:47  Siege Tank  
  67  6:48  Medivac  
  67  6:50  Marine x3  
  67  6:52  Supply Depot  
  67  6:53  Supply Depot  
  75  6:54  Supply Depot  
  75  6:59  Barracks Reactor  
  75  7:00  Barracks Reactor  
  75  7:03  Barracks Reactor  
  75  7:07  Marine  
  75  7:08  Marine x2  
  78  7:11  SCV x2  
  78  7:12  Orbital Command  
  80  7:23  SCV x2  
  80  7:25  Medivac x2, Marine x2  
  88  7:35  SCV x2  
  90  7:42  Supply Depot x2  
  90  7:44  Marine x3  
  90  7:45  Refinery, Marine x5  
  90  7:46  Marine  
  90  7:47  SCV  
  90  7:51  Siege Tank  
  103  8:02  Marine x5  
  103  8:03  Marine x4  
  112  8:07  SCV x3  
  115  8:16  Terran Infantry Weapons Level 2, Terran Infantry Armor Level 2  
  115  8:27  Marine  
  115  8:28  Marine x6  
  115  8:29  Marine x2  
  124  8:34  Medivac x2  
  128  8:44  Siege Tank  
  128  8:45  SCV x2  
  133  8:49  Supply Depot  
  133  8:50  Supply Depot  
  133  8:51  Supply Depot  
  133  8:53  Terran Vehicle Weapons Level 1  
  133  9:11  SCV, Marine x7  
  133  9:12  Marauder, Marine  
  106  9:41  Marine x2  
  106  9:42  Marine x7  
  104  9:45  Siege Tank  
  104  9:49  Factory  
  104  9:51  Factory, SCV x3, Ghost Academy  
  110  10:07  Marine x3  
  110  10:08  Marine x5  
  110  10:10  Marauder  
  110  10:12  SCV x3  
  123  10:16  Refinery  
  123  10:19  Barracks  
  123  10:20  Barracks  
  123  10:23  Barracks  
  123  10:25  Siege Tank, Marine x4  
  123  10:26  SCV x3, Marine  
  134  10:29  Supply Depot x2  
  134  10:34  Marine x3  
  133  10:44  Marine  
  133  10:45  Marine x4  
  138  10:50  Factory Tech Lab x2  
  138  11:08  Barracks Tech Lab  
  134  11:11  Barracks Tech Lab  
  134  11:18  Missile Turret  
  134  11:19  Terran Vehicle Weapons Level 2, Missile Turret  
  134  11:20  Terran Infantry Weapons Level 3, Barracks Tech Lab, Terran Infantry Armor Level 3  
  134  11:28  Siege Tank x3  
  134  11:29  Personal Cloaking  
  143  11:37  Command Center  
  143  11:39  Marine x2  
  144  11:40  Marine x6  
  144  11:43  Ghost x2  
  144  11:45  Ghost  
  157  11:48  Ghost  
  159  12:10  Marine x5  
  159  12:11  Marine x3  
  159  12:13  Siege Tank x2  
  173  12:16  Supply Depot  
  173  12:17  Supply Depot  
  172  12:37  Siege Tank  
  130  12:52  Siege Tank x2  
  130  12:53  Marine x3  
  130  12:54  Ghost, Marine x5  
  130  12:55  Ghost x3  
  152  13:04  Starport  
  152  13:05  Starport  
  152  13:06  Orbital Command  
  152  13:08  SCV x3  
  152  13:09  Siege Tank  
  158  13:18  Refinery  
  158  13:23  Refinery  
  158  13:24  Siege Tank x2  
  164  13:30  Liberator  
  164  13:31  Liberator  
  155  13:41  Siege Tank  
  155  13:46  Starport Tech Lab  
  155  13:47  Starport Reactor  
  164  13:48  Marine x2  
  164  13:49  Marine x6  
  134  14:04  Marine x4  
  134  14:06  Marine  
  134  14:09  Marine x6  
  132  14:10  Marine  
  128  14:22  Marine  
  80  14:55  Marine x7  
  80  14:56  Ghost x4, Marine  
  85  15:13  Marine  
  85  15:14  Marine x7  
  77  15:18  Siege Tank x3  
  92  15:25  Ghost x4  
  100  15:35  Marine x5  
  102  15:36  Marine x3  
  102  15:37  Medivac x2, Orbital Command  
  112  15:46  Medivac x2  
  116  15:53  Ghost, Marine x7  
  88  16:18  Liberator x3  
  68  16:30  SCV x3  
  72  16:32  SCV  
  81  16:42  SCV x3  
  81  16:45  SCV  
  85  16:51  Raven  
  88  16:54  SCV x3  
  88  16:57  SCV  
  91  17:06  SCV  
  92  17:09  Siege Tank  
  92  17:10  Marine  
  92  17:11  Marine x2  
  64  17:44  Marine x3  
  64  17:45  Marine x5  
  64  17:50  Ghost x3  
  78  17:53  Refinery  
  78  17:58  Marine  
  79  18:02  Medivac, Marine x5  
  79  18:03  Marine x3  
  79  18:04  SCV x3  
  92  18:16  Marine  
  92  18:18  Marine  
  92  18:19  Marine x2  
Show
View Real Time Build Order
Export as new Build Order

icefour Zerg - Winner!

Build Orders: Hatch First 

Get SALT Encoding   

  12  0:01  Drone  
  13  0:12  Overlord  
  13  0:19  Drone  
  14  0:32  Drone x2  
  16  0:41  Drone  
  17  0:54  Hatchery  
  16  0:57  Drone  
  16  1:00  Drone  
  18  1:11  Extractor  
  17  1:17  Spawning Pool  
  16  1:19  Drone  
  16  1:22  Drone  
  18  1:34  Drone  
  19  1:41  Overlord  
  19  1:49  Drone  
  20  2:04  Queen  
  20  2:06  Queen  
  20  2:07  Zergling x4  
  26  2:12  Metabolic Boost  
  26  2:14  Drone  
  27  2:19  Drone  
  27  2:21  Drone  
  29  2:30  Drone  
  29  2:36  Drone  
  31  2:44  Queen  
  31  2:45  Overlord  
  31  2:48  Drone  
  34  3:00  Drone x2  
  34  3:01  Overlord  
  36  3:06  Queen  
  38  3:29  Hatchery  
  37  3:35  Overlord x2  
  37  3:37  Drone x6  
  43  3:42  Queen  
  43  4:04  Zergling x4  
  43  4:06  Drone x3  
  48  4:12  Drone x2  
  48  4:13  Drone x3  
  53  4:20  Overlord  
  53  4:21  Drone x2  
  53  4:23  Zergling x2  
  56  4:29  Queen  
  58  4:39  Overlord  
  58  4:40  Overlord  
  58  4:45  Queen  
  58  4:50  Overlord x2  
  58  4:51  Drone x7  
  67  4:57  Extractor  
  67  4:58  Extractor  
  65  5:01  Extractor  
  65  5:04  Lair  
  64  5:11  Overlord x2  
  64  5:13  Drone x4  
  68  5:17  Evolution Chamber  
  67  5:22  Zergling x10  
  67  5:23  Zergling x4, Evolution Chamber  
  67  5:28  Overlord  
  73  5:33  Spore Crawler  
  73  5:34  Zergling x2  
  73  5:35  Zergling x2  
  74  5:51  Zergling x8  
  64  6:06  Zergling x4  
  64  6:07  Zergling x2  
  64  6:08  Zergling x10  
  66  6:14  Queen  
  66  6:18  Zergling x6  
  69  6:21  Queen  
  69  6:23  Queen  
  73  6:28  Hydralisk Den  
  72  6:33  Baneling Nest  
  72  6:34  Drone x3  
  74  6:41  Zerg Ground Armor Level 1  
  74  6:45  Drone x3  
  77  6:49  Queen  
  79  6:57  Drone x2, Queen  
  79  6:58  Drone, Queen  
  86  7:06  Overlord  
  86  7:07  Overlord, Zergling x2  
  86  7:08  Zergling x10  
  92  7:11  Grooved Spines  
  92  7:17  Extractor  
  92  7:19  Extractor  
  90  7:23  Overlord x2  
  90  7:24  Zergling x4, Hydralisk x4  
  90  7:25  Zergling x6, Queen  
  105  7:37  Hatchery  
  105  7:42  Hydralisk  
  105  7:43  Zergling x6, Hydralisk  
  105  7:44  Zergling x4  
  113  7:53  Overseer  
  113  7:58  Hatchery  
  112  8:01  Queen  
  114  8:09  Overlord x2, Hydralisk  
  114  8:10  Zergling x8, Hydralisk x2  
  114  8:11  Zergling x2  
  125  8:15  Zerg Melee Weapons Level 1  
  125  8:23  Muscular Augments  
  125  8:26  Hydralisk x2  
  126  8:27  Zergling x6  
  132  8:38  Zergling x6  
  132  8:39  Zergling x12  
  132  8:40  Zergling x2  
  142  8:43  Drone  
  142  8:45  Infestation Pit  
  142  8:50  Drone x3  
  145  9:12  Drone  
  145  9:13  Drone x14  
  150  9:24  Drone x4  
  150  9:25  Drone  
  110  9:40  Zergling x22  
  110  9:41  Zergling x4  
  117  9:47  Zergling x6  
  117  9:50  Queen  
  117  9:52  Queen  
  124  9:54  Zerg Ground Armor Level 2  
  124  9:56  Drone x4  
  128  10:06  Drone x3  
  128  10:07  Drone x2  
  133  10:08  Zergling x4  
  133  10:09  Zergling x8  
  133  10:12  Zerg Melee Weapons Level 2  
  139  10:14  Zergling x2  
  139  10:15  Zergling x6  
  139  10:18  Centrifical Hooks  
  143  10:24  Hive  
  143  10:25  Drone  
  143  10:26  Drone  
  145  10:36  Zergling x2  
  145  10:37  Zergling x10  
  145  10:38  Zergling x2  
  150  10:57  Overlord x2  
  150  10:58  Overlord x2  
  150  10:59  Zergling x20  
  150  11:00  Zergling x6  
  160  11:15  Zergling x10  
  160  11:16  Queen  
  167  11:19  Extractor  
  167  11:20  Extractor  
  165  11:31  Drone x3  
  168  11:35  Baneling x6  
  168  11:36  Baneling x3  
  168  11:44  Overlord x2  
  168  11:45  Hydralisk  
  168  11:46  Zergling x8, Hydralisk x3  
  181  11:47  Zergling x6  
  183  11:57  Adrenal Glands  
  183  11:59  Ultralisk Cavern  
  182  12:05  Baneling x3  
  182  12:06  Baneling x7  
  182  12:07  Baneling x3  
  182  12:32  Hatchery  
  174  12:41  Hatchery  
  127  12:47  Zergling x14  
  127  12:48  Ultralisk x5  
  127  12:49  Zergling x6  
  167  12:54  Chitinous Plating  
  167  12:57  Zergling x12  
  173  12:58  Zergling x2  
  174  13:19  Ultralisk  
  186  13:20  Zergling x6, Ultralisk, Hydralisk  
  186  13:21  Zergling x2  
  192  13:33  Baneling x4  
  192  13:34  Baneling x7  
  192  13:35  Baneling x3  
  188  13:43  Zergling x14  
  188  13:44  Zergling x10  
  177  14:05  Hydralisk  
  177  14:06  Zergling x6, Hydralisk x5  
  177  14:07  Zergling x10  
  184  14:14  Ultralisk  
  189  14:18  Zergling x6  
  189  14:23  Zergling x8  
  166  14:37  Zergling x2, Hydralisk x3  
  166  14:38  Zergling x8  
  168  14:44  Zergling x6  
  168  14:45  Zergling x2  
  162  14:49  Zergling x8  
  150  15:01  Zergling x2  
  150  15:02  Zergling x16  
  158  15:11  Zergling x4  
  158  15:12  Zergling x8  
  163  15:18  Zergling x6  
  163  15:19  Zergling x2  
  167  15:26  Hydralisk  
  167  15:27  Zergling x6  
  169  15:36  Drone x2  
  171  15:56  Ultralisk x2  
  160  16:11  Zergling x20  
  153  16:12  Zergling x2  
  146  16:18  Hydralisk  
  146  16:19  Zergling x4, Hydralisk  
  146  16:21  Zergling x2  
  135  16:26  Hydralisk  
  135  16:27  Zergling x4  
  136  16:35  Hydralisk  
  136  16:36  Zergling x6, Hydralisk  
  136  16:37  Zergling x2  
  143  16:43  Zergling x2  
  143  16:44  Zergling x6  
  147  16:48  Baneling x7  
  147  16:49  Baneling  
  147  16:58  Queen  
  149  17:03  Zergling x8  
  149  17:06  Baneling  
  149  17:07  Baneling x4  
  153  17:20  Hydralisk x4  
  140  17:32  Hydralisk x3  
  140  17:33  Zergling x8, Queen  
  140  17:34  Zergling x2  
  142  17:42  Overseer x3  
  142  17:44  Zergling x4, Hydralisk  
  136  17:45  Zergling x2  
  136  17:46  Zergling x2  
  142  17:52  Zergling x4  
  142  17:53  Zergling x8  
  148  18:08  Zergling x2  
  148  18:09  Zergling x22  
  160  18:18  Zergling x4, Hydralisk x2  
  160  18:19  Zergling x2  
  160  18:25  Hydralisk x2  
  160  18:26  Hydralisk  
Tags
 
Add a new tag
Caveats
  • Supply blocks, unpowered buildings, or Contaminate may cause inaccurate times.
  • Supply counts are checked every 10 seconds.